 Dungeon Crawl Stone Soup version 0.27-a0-828-g8289197e94 (webtiles) character file.

Game seed: 11306438588483671094

143 Goblin1989 the Covered (level 5, -1/40 HPs)
             Began as a Djinni Fighter on Mar 30, 2021.
             Slain by Natasha (4 damage)
             ... on level 3 of the Dungeon.
             The game lasted 00:03:37 (2670 turns).

Goblin1989 the Covered (Djinni Fighter)             Turns: 2670, Time: 00:03:38

Health: -1/40      AC:  6    Str: 16    XL:     5   Next: 25%
Gold:   91         EV:  7    Int: 10    God:
                   SH:  9    Dex: 12

rFire    + + .     SeeInvis .   a - +0 flail
rCold    x . .     Faith    .   c - +0 kite shield
rNeg     . . .     Spirit   .   b - +0 scale mail
rPois    ∞         Reflect  .   (no helmet)
rElec    .         Harm     .   (no cloak)
rCorr    .         Rampage  .   (no gloves)
Will     .....                  (boots unavailable)
Stlth    ..........             (no amulet)
HPRegen  0.13/turn              (no ring)
MPRegen  0.00/turn              (no ring)

@: flying
A: fire resistance 2, cold vulnerability 1, float, innate caster, hp casting,
extra vitality 1
a: no special abilities


You were on level 3 of the Dungeon.
You visited 1 branch of the dungeon, and saw 3 of its levels.

You collected 91 gold pieces.

Inventory:

Hand Weapons
 a - a +0 flail (weapon)
Missiles
 m - 8 datura-tipped darts (quivered)
Armour
 b - a +0 scale mail (worn)
 c - a +0 kite shield (worn)
Jewellery
 e - a ring of fire
Scrolls
 f - a scroll of summoning {unknown}
 i - a scroll of blinking {unknown}
 k - a scroll of enchant weapon {unknown}
Potions
 d - a potion of might {@q4}
 g - a potion of curing {unknown}
 h - a potion of flight {unknown}
 j - a potion of degeneration {unknown}
 l - a potion of mutation {unknown}


   Skills:
 + Level 3.6 Fighting
 * Level 3.0 Maces & Flails
 + Level 0.6 Throwing
 + Level 3.6 Armour
 + Level 3.6 Shields


You had one spell level left.
You knew the following spells:

 Your Spells              Type           Power      Damage    Failure   Level
a - Summon Small Mammal   Summ           0%         N/A       99%         1
b - Slow                  Hex            0%         N/A       100%        2
Your spell library was empty.


Dungeon Overview and Level Annotations

Branches:
Dungeon (3/15)

Altars:

Annotations:
D:3 Natasha


Innate Abilities, Weirdness & Mutations

You are immune to poison.
Your flesh is very heat resistant. (rF++)
You are vulnerable to cold. (rC-)
You float through the air rather than walking.
You learn spells naturally, not from books.
Your magical power is your life essence.
You have superior vitality. (+4 HP)


Message History

The shadow imp grinds its teeth.
The hobgoblin closely misses you.
You take 1 damage, and have 35/40 hp.
You closely miss the hobgoblin.
The hobgoblin is almost dead.
The hobgoblin hits you.
You take 3 damage, and have 32/40 hp.
You closely miss the hobgoblin.
The hobgoblin is almost dead.
The hobgoblin barely misses you.
Natasha wildly gestures.
Natasha's front paws start to glow.
Natasha casts a spell.
You block the hobgoblin's attack.
You hit the hobgoblin.
You kill the hobgoblin!
The shadow imp hits you.
You take 1 damage, and have 31/40 hp.
You hit the shadow imp but do no damage.
You barely miss Natasha.
Natasha wildly gestures.
You feel disoriented. Natasha barely misses you.
You block the shadow imp's attack. Natasha claws you.
The shadow imp hits you but does no damage.
You take 2 damage, and have 29/40 hp.
You barely miss Natasha. You block Natasha's attack.
You block the shadow imp's attack. Natasha claws you.
You take 5 damage, and have 24/40 hp.
You are too injured to fight recklessly!
You are too injured to fight recklessly!
You are too injured to fight recklessly!
You are too injured to fight recklessly!
You are too injured to fight recklessly!
You are too injured to fight recklessly!
You are too injured to fight recklessly!
You are too injured to fight recklessly!
You are too injured to fight recklessly!
You are too injured to fight recklessly!
You are too injured to fight recklessly!
You are too injured to fight recklessly!
You are too injured to fight recklessly!
You are too injured to fight recklessly!
You are too injured to fight recklessly!
You are too injured to fight recklessly!
You are too injured to fight recklessly!
You are too injured to fight recklessly!
You are too injured to fight recklessly!
You are too injured to fight recklessly!
Unknown command.
You closely miss Natasha. The shadow imp closely misses you.
Natasha barely misses you.
The shadow imp hits you but does no damage.
You closely miss Natasha. Natasha casts a spell at you.
You resist with some effort.
The shadow imp hits you but does no damage.
You closely miss Natasha. Natasha barely misses you.
The shadow imp gestures at you.
You struggle to resist.
Natasha claws you but does no damage. You block the shadow imp's attack.
You hit Natasha.
Natasha is lightly wounded.
Natasha claws you!
* * * LOW HITPOINT WARNING * * *
The shadow imp barely misses you. Natasha claws you.
* * * LOW HITPOINT WARNING * * *
You take 12 damage, and have 12/40 hp.
MASSIVE DAMAGE!!
You sock Natasha!
Natasha is severely wounded.
The shadow imp disappears in a puff of smoke! x3
You block Natasha's attack.
You closely miss Natasha.
Natasha is severely wounded.
Natasha barely misses you.
You closely miss Natasha.
Natasha is severely wounded.
Natasha claws you!
* * * LOW HITPOINT WARNING * * *
Natasha barely misses you.
You take 7 damage, and have 5/40 hp.
You closely miss Natasha.
Natasha is severely wounded.
Natasha mumbles some strange words.
You feel disoriented. Natasha claws you but does no damage.
You barely miss Natasha.
Natasha is severely wounded.
Natasha claws you.
* * * LOW HITPOINT WARNING * * *
Natasha mumbles some strange words.
You take 3 damage, and have 2/40 hp.
You hit Natasha.
Natasha is almost dead.
Natasha casts a spell.
The crimson imp grinds its teeth.
You closely miss Natasha.
Natasha is almost dead.
Natasha claws you.
You die...

█............).......
......█.█████.████████
██.██.█<█ █.█ █. .
█......█ █.█ ██
..██..███.█████.██ █
..... █........█ █ █
█..███...███.. █
█.5h......██.. █
█.██@██...██.. █
█5.......... █
█.............█ █
█████.█...███.. .
█.█...█ █ █ ......█
.......█ ███.███.█ █.█
.█


You could see Natasha, a crimson imp (summoned) and a shadow imp (summoned).

Vanquished Creatures
  Natasha (twice) (D:3)
  3 adders
  A worm (D:2)
  A dart slug (D:3)
  6 orcs (D:3)
  2 bat skeletons (D:2)
  2 endoplasms (D:1)
  A giant cockroach (D:2)
  2 goblins
  4 hobgoblins
  6 jackals
  5 kobolds
  2 quokkas (D:1)
  2 ball pythons (D:1)
  A ball python zombie (D:2)
  5 bats (D:2)
  2 frilled lizards
  A jackal zombie (D:2)
  8 rats
56 creatures vanquished.

Vanquished Creatures (others)
  A withered plant (D:2)
1 creature vanquished.

Grand Total: 57 creatures vanquished

Notes
Turn   | Place    | Note
-------+----------+-------------------------------------------
     0 | D:1      | Goblin1989 the Djinni Fighter began the quest for the Orb.
     0 | D:1      | Reached XP level 1. HP: 20/20 MP: 0/0
   419 | D:1      | Reached XP level 2. HP: 20/25 MP: 0/0
   921 | D:2      | Reached XP level 3. HP: 30/30 MP: 0/0
   921 | D:2      | Learned a level 1 spell: Summon Small Mammal
  1874 | D:2      | Reached XP level 4. HP: 19/35 MP: 0/0
  2312 | D:3      | Noticed Natasha
  2338 | D:3      | Killed Natasha
  2588 | D:3      | Reached XP level 5. HP: 39/40 MP: 0/0
  2588 | D:3      | Learned a level 2 spell: Slow
  2595 | D:3      | Noticed Natasha
  2602 | D:3      | Killed Natasha
  2644 | D:3      | Noticed Natasha
  2668 | D:3      | HP: 2/40 [Natasha (3)]
  2670 | D:3      | Slain by Natasha

Illustrated notes

Levels and vault maps discovered:
D:1:      ncdulo_wetmaze, layout_basic
D:2:      layout_loops_corners, serial_undead, serial_undead_d, serial_undead_c,
          serial_undead_f, serial_undead_f
D:3:      layout_loops_ring, uniq_natasha

Skill      XL: |  1  2  3  4  5 |
---------------+----------------+-----
Maces & Flails | 2 3 |  3.0
Fighting       | |  3.6
Throwing       | |  0.6
Armour         | |  3.6
Shields        | |  3.6

Action                   |  1- 3 |  4- 6 || total
-------------------------+-------+-------++-------
Melee: Flail             |   133 |    95 ||   228
Armor: Scale mail        |    88 |    39 ||   127
Dodge: Dodged            |    58 |    36 ||    94
Block: Kite shield       |    86 |    46 ||   132

Table legend: (Time is in decaauts)
 A = Elapsed time spent in this place.
 B = Non-inter-level travel time spent in this place.
 C = Inter-level travel time spent in this place.
 D = Time resting spent in this place.
 E = Time spent auto-exploring this place.
 F = Levels seen in this place.
 G = Mean time per level.
                   A        B        C        D        E       F      G
               +--------+--------+--------+--------+--------+-----+--------+
         Total |   2792 |   2757 |     35 |      5 |   2217 |   3 |  930.7 |
       Dungeon |   2792 |   2757 |     35 |      5 |   2217 |   3 |  930.7 |
               +--------+--------+--------+--------+--------+-----+--------+

Top non-repeatable levels by time:
     D:2: 1454 daAuts
     D:1: 877 daAuts
     D:3: 459 daAuts
